 Dungeon Crawl Stone Soup version 0.23.2 (webtiles) character file.

Game seed: 14945740134649320071

21777 Illumine the Slicer (level 13, -1/88 HPs)
             Began as a Halfling Fighter on Aug 29, 2019.
             Was an Elder of Makhleb.
             Slain by an entropy weaver (13 damage)
             ... on level 5 of the Lair of Beasts on Aug 30, 2019.
             The game lasted 00:38:56 (13778 turns).

Illumine the Slicer (Halfling Fighter)             Turns: 13778, Time: 00:38:56

Health: -1/88      AC:  0    Str: 25    XL:     13   Next: 22%
Magic:  18/18      EV: 16    Int:  6    God:    Makhleb [****..]
Gold:   676        SH: 13    Dex: 18    Spells: 12/12 levels left

rFire    . . .     SeeInvis .   y - +4 short sword (vamp)
rCold    . . .     Gourm    .   c - +0 shield
rNeg     . . .     Faith    .   r - +3 ring mail "Vopog" {Str+4 Dex+3}
rPois    .         Spirit   .   v - +1 helmet
rElec    .         Reflect  .   A - +0 cloak
rCorr    .         Harm     .   k - +0 pair of gloves
MR       +....                  (no boots)
Stlth    ++........             (no amulet)
HPRegen  0.24/turn              T - ring of protection from magic
MPRegen  0.16/turn              (no ring)

@: corroded
A: small, mutation resistance 1
a: Minor Destruction, Lesser Servant of Makhleb, Major Destruction, Renounce
Religion


You were on level 5 of the Lair of Beasts.
You worshipped Makhleb.
Makhleb was greatly pleased with you.
You were not hungry.

You visited 2 branches of the dungeon, and saw 14 of its levels.
You also visited: Ossuary.

You collected 676 gold pieces.

Inventory:

Hand Weapons
 a - a +2 short sword of holy wrath
 b - a +0 hunting sling
 y - a +4 vampiric short sword (weapon)
 W - a +1 rapier of speed
 X - a +0 rapier of protection
Missiles
 e - 68 sling bullets
 t - 18 tomahawks (quivered)
 u - 383 stones
Armour
 c - a +0 shield (worn)
 k - a +0 pair of gloves (worn)
 r - the +3 ring mail "Vopog" (worn) {Str+4 Dex+3}
   (You found it on level 8 of the Dungeon)

   It affects your strength (+4).
   It affects your dexterity (+3).
 v - a +1 helmet (worn)
 A - a +0 cloak (worn)
Jewellery
 x - an uncursed ring of ice
 G - an uncursed ring of teleportation
 T - a ring of protection from magic (left hand)
Wands
 g - a wand of digging (5)
 z - a wand of disintegration (4)
 E - a wand of flame (19)
 N - a wand of polymorph (16)
 R - a wand of scattershot (7)
 Z - a wand of acid (8)
Scrolls
 j - 8 scrolls of remove curse
 m - 2 scrolls of immolation
 p - 4 scrolls of amnesia
 q - 2 scrolls of blinking
 w - 6 scrolls of teleportation
 D - 2 scrolls of random uselessness {unknown}
 H - a scroll of summoning {unknown}
 I - 2 scrolls of noise {unknown}
 K - 2 scrolls of fog {unknown}
 L - 5 scrolls of fear
 M - a scroll of silence {unknown}
 O - 2 scrolls of enchant armour {unknown}
 P - 2 scrolls of vulnerability {unknown}
 S - 2 scrolls of holy word {unknown}
 U - 2 scrolls of torment {unknown}
 Y - a scroll of brand weapon {unknown}
Potions
 d - 2 potions of brilliance
 h - 5 potions of agility
 i - 4 potions of mutation
 l - 2 potions of invisibility
 n - a potion of ambrosia {unknown}
 o - 5 potions of heal wounds
 s - 3 potions of lignification
 B - a potion of flight {unknown}
 C - 6 potions of magic
 F - 5 potions of curing
 J - 4 potions of might
 V - a potion of haste {unknown}
Miscellaneous
 Q - a lightning rod (4/4)
Comestibles
 f - 20 rations


   Skills:
 + Level 8.0 Fighting
 - Level 12.1 Short Blades
 + Level 4.8(5.2) Slings
 + Level 1.5(2.6) Throwing
 + Level 9.1 Armour
 + Level 6.3 Dodging
 + Level 4.4 Stealth
 + Level 9.6 Shields
 * Level 7.2 Invocations
 * Level 6.8 Evocations


You had 12 spell levels left.
You didn't know any spells.
Your spell library contained the following spells:

 Spells                   Type           Power        Failure   Level  Hunger
 Corona                   Hex            #......      90%         1    ##.....
 Summon Small Mammal      Summ           #...         90%         1    ##.....
 Call Imp                 Summ           #.......     97%         2    ###....
 Ensorcelled Hibernation  Hex/Ice        #.....       97%         2    ###....
 Call Canine Familiar     Summ           #.......     99%         3    ####...
 Confuse                  Hex            #.......     99%         3    ####...
 Dazzling Spray           Conj/Hex       #.....       99%         3    ####...
 Summon Guardian Golem    Hex/Summ       #.......     99%         3    ####...
 Tukima's Dance           Hex            #.......     99%         3    ####...
 Summon Ice Beast         Ice/Summ       #.......     100%        4    #####..
 Summon Lightning Spire   Summ/Air       #.......     100%        4    #####..


Dungeon Overview and Level Annotations

Branches:
Dungeon (8/15)             Temple (0/1) D:4            Lair (6/6) D:8
  Swamp (0/4) Lair:4        Snake (0/4) Lair:4
  Slime: Lair:5-6

Altars:
Ashenzari
Dithmenos
Elyvilon
Fedhas
Hepliaklqana
Kikubaaqudgha
Makhleb
Qazlal
Uskayaw
Vehumet

Annotations:
Lair:3 2 runed translucent doors, Xiemaice's ghost, journeyman DrFE
Lair:5 exclusion: 3 oklob plants


Innate Abilities, Weirdness & Mutations

You are small and have problems with some larger weapons.
You are somewhat resistant to further mutation.


Message History

The entropy weaver barely misses you. The entropy weaver hits you.
You hit the entropy weaver but do no damage.
The entropy weaver is moderately wounded.
You block the soldier ant's attack. You block the entropy weaver's attack.
The entropy weaver hits you. x2; The entropy weaver hits you!
* * * LOW HITPOINT WARNING * * *
A demon appears!
You can no longer summon a greater servant of Makhleb.
You block the soldier ant's attack.
The entropy weaver casts a spell.
The entropic weave corrodes you!
You swap places.
You enter the shallow water.
Moving in this stuff is going to be slow.
The entropy weaver hits your neqoxec! x3
Your neqoxec dies!
You block the soldier ant's attack.
Your shield and ring mail "Vopog" prevent you from hitting the soldier ant.
The soldier ant closely misses you. The entropy weaver misses you.
The entropy weaver hits you!
You die...

.................................
.P##.###...#PP.p.................
###### #####P....................
##P....................
####≈.≈.≈................. ##
#.##≈.≈≈≈≈≈≈.............. .#
####...≈≈≈≈≈≈≈≈≈.............
#####.##...≈≈≈≈≈≈≈≈≈.............
...........≈≈≈a≈@≈≈≈.............
..........≈≈≈≈.a.≈≈≈≈............
..........≈≈≈≈≈†.≈≈≈≈............
...........≈≈≈≈≈≈≈≈≈.............
####.#...#.≈≈≈≈≈≈≈≈≈..##.#.#....#
#######P≈≈≈≈≈≈≈...############
#≈≈...≈......# ##.####...^..####
###
#########.#####......##.###.###


You could see an entropy weaver, a soldier ant and a neutral human (wandering).

Vanquished Creatures
  Kirke (Lair:5)
  A hydra (Lair:3)
  Pikel (D:5)
  5 elephants
  A black mamba (Lair:4)
  A torpor snail (Lair:5)
  6 spiny frogs
  3 komodo dragons
  2 rime drakes
  2 hippogriffs
  11 dream sheep
  9 blink frogs
  A hog (Lair:5)
  28 yaks
  A hungry ghost (D:7)
  3 basilisks
  4 vampire mosquitoes (Lair:4)
  2 nagas (Lair:4)
  2 soldier ants
  Duvessa (D:5)
  5 porcupines
  7 water moccasins
  2 ice beasts (D:8)
  3 wolves (Lair:3)
  A centaur (D:6)
  6 crocodiles
  2 big kobolds (D:7)
  9 bullfrogs
  A scorpion (D:7)
  Dowan (D:5)
  4 wights
  A crimson imp (D:6)
  A bullfrog zombie (D:6)
  A hound (D:2)
  A jelly (D:7)
  2 orc priests (D:6)
  2 orc wizards (D:6)
  A bullfrog skeleton (D:8)
  An iguana (D:8)
  6 worker ants
  4 big kobold zombies (Ossuary)
  A hound skeleton (D:7)
  2 mummies (Ossuary)
  4 gnolls (D:2)
  2 adders
  A shadow imp (D:4)
  6 adder zombies (Ossuary)
  7 worms
  5 leopard geckos
  11 orcs
  5 bats (D:3)
  3 giant cockroaches
  5 gnoll zombies (Ossuary)
  6 goblins
  3 hobgoblins
  4 jackals (D:8)
  2 quokkas
  6 ball pythons
  7 frilled lizards
  6 hobgoblin zombies (Ossuary)
  A jackal skeleton (D:4)
  14 kobolds
  6 kobold zombies (Ossuary)
  2 leopard gecko skeletons (D:6)
  5 orc zombies (Ossuary)
  8 rats
268 creatures vanquished.

Vanquished Creatures (collateral kills)
  2 elephants (Lair:5)
  A hog (Lair:5)
  A water moccasin (Lair:3)
  2 wolves (Lair:3)
  A crocodile (Lair:5)
  A quokka (D:8)
8 creatures vanquished.

Vanquished Creatures (others)
  A worker ant (D:5)
  A worm (D:5)
  2 giant cockroaches (D:5)
  5 fungi
9 creatures vanquished.

Grand Total: 285 creatures vanquished

Notes
Turn   | Place    | Note
-------+----------+-------------------------------------------
     0 | D:1      | Illumine the Halfling Fighter began the quest for the Orb.
     0 | D:1      | Reached XP level 1. HP: 15/15 MP: 1/1
   267 | D:1      | Reached skill level 3 in Short Blades
   272 | D:1      | Reached XP level 2. HP: 20/20 MP: 2/2
   612 | D:2      | Reached skill level 4 in Short Blades
   612 | D:2      | Reached XP level 3. HP: 11/25 MP: 3/3
  1147 | D:2      | Found a burning altar of Makhleb.
  1159 | D:2      | Reached skill level 5 in Short Blades
  1159 | D:2      | Reached XP level 4. HP: 19/30 MP: 4/4
  1263 | D:2      | Became a worshipper of Makhleb the Destroyer
  1559 | D:2      | Found a hide-covered altar of Uskayaw.
  1559 | D:2      | Found a faded altar of an unknown god.
  1564 | D:2      | Found a hazy altar of Hepliaklqana.
  1573 | D:2      | Found a stormy altar of Qazlal.
  1575 | D:2      | Found a white marble altar of Elyvilon.
  1751 | D:2      | Reached XP level 5. HP: 32/35 MP: 5/5
  1786 | D:2      | Reached skill level 6 in Short Blades
  2745 | D:4      | Found a staircase to the Ecumenical Temple.
  2781 | D:4      | Reached * piety under Makhleb
  2781 | D:4      | Reached skill level 7 in Short Blades
  2781 | D:4      | Reached XP level 6. HP: 27/41 MP: 6/6
  3378 | D:5      | Entered Level 5 of the Dungeon
  3385 | D:5      | Found an ancient bone altar of Kikubaaqudgha.
  3394 | D:5      | Noticed a slave
  3396 | D:5      | Noticed Pikel
  3396 | D:5      | Noticed a slave
  3396 | D:5      | Noticed a slave
  3480 | D:5      | Noticed a slave
  3512 | D:5      | Killed Pikel
  3512 | D:5      | Reached skill level 9 in Short Blades
  3512 | D:5      | Reached skill level 1 in Stealth
  3512 | D:5      | Reached XP level 7. HP: 28/45 MP: 7/7
  3638 | D:5      | Noticed Dowan
  3662 | D:5      | Killed Dowan
  3687 | D:5      | Noticed Duvessa
  3721 | D:5      | Killed Duvessa
  3721 | D:5      | Reached skill level 10 in Short Blades
  3721 | D:5      | Reached XP level 8. HP: 33/51 MP: 8/8
  3869 | D:5      | Found a shadowy altar of Dithmenos.
  3968 | D:5      | Found a shattered altar of Ashenzari.
  4296 | D:6      | Found a sand-covered staircase.
  4310 | Ossuary  | Entered an ossuary
  4408 | Ossuary  | Reached ** piety under Makhleb
  4926 | D:6      | Reached skill level 1 in Evocations
  5141 | D:6      | Found a blossoming altar of Fedhas.
  5278 | D:6      | Reached XP level 9. HP: 50/57 MP: 10/10
  5489 | D:6      | Reached skill level 11 in Short Blades
  5635 | D:6      | Reached skill level 1 in Dodging
  5681 | D:6      | Reached *** piety under Makhleb
  5928 | D:7      | Found a radiant altar of Vehumet.
  6195 | D:7      | Reached skill level 5 in Armour
  6306 | D:7      | Reached skill level 1 in Slings
  6639 | D:8      | Got a warped ring mail
  6869 | D:8      | Found a staircase to the Lair.
  7198 | D:8      | Reached XP level 10. HP: 61/65 MP: 11/11
  7229 | D:8      | Reached skill level 1 in Invocations
  7297 | Lair:1   | Entered Level 1 of the Lair of Beasts
  7317 | Lair:1   | Reached skill level 5 in Fighting
  7431 | Lair:1   | Reached skill level 5 in Shields
  7814 | Lair:1   | Reached skill level 12 in Short Blades
  8714 | Lair:2   | Identified the +3 ring mail "Vopog" {Str+4 Dex+3} (You
                  | found it on level 8 of the Dungeon)
  9296 | Lair:2   | Reached XP level 11. HP: 72/72 MP: 13/13
  9324 | Lair:3   | Found a large runed translucent door.
  9325 | Lair:3   | Found a large runed translucent door.
  9327 | Lair:3   | Noticed Xiemaice's ghost (journeyman DrFE)
  9602 | Lair:3   | Noticed a five-headed hydra
  9613 | Lair:3   | Killed a five-headed hydra
 10127 | Lair:4   | Reached **** piety under Makhleb
 10335 | Lair:4   | Reached skill level 5 in Invocations
 10605 | Lair:4   | Found a staircase to the Swamp.
 10803 | Lair:4   | Reached XP level 12. HP: 38/80 MP: 16/16
 10987 | Lair:4   | Found a staircase to the Snake Pit.
 11033 | Lair:4   | Reached skill level 5 in Evocations
 11279 | Lair:4   | Reached skill level 1 in Throwing
 11720 | Lair:5   | Reached skill level 5 in Dodging
 12451 | Lair:5   | You fall through a shaft!
 12451 | Lair:6   | Entered Level 6 of the Lair of Beasts
 12514 | Lair:5   | Reached ***** piety under Makhleb
 13038 | Lair:5   | Noticed Kirke
 13067 | Lair:5   | Killed Kirke
 13067 | Lair:5   | Reached XP level 13. HP: 82/88 MP: 18/18
 13648 | Lair:6   | Noticed an entropy weaver
 13694 | Lair:6   | Noticed an entropy weaver
 13778 | Lair:5   | Slain by an entropy weaver

Skill      XL: |  1  2  3  4  5  6  7  8  9 10 11 12 13 |
---------------+----------------------------------------+-----
Short Blades   | 3 4 5 7 9 10 11 12 | 12.1
Stealth        | 1 2 4 |  4.4
Fighting       | 3 4 5 6 7 8 |  8.0
Evocations     | 1 2 3 4 6 |  6.8
Shields        | 4 5 7 9 |  9.6
Armour         | 4 6 7 8 9 |  9.1
Dodging        | 1 3 4 6 |  6.3
Slings         | 4 |  4.8
Invocations    | 3 5 7 |  7.2
Throwing       | 1 |  1.5

Action                   |  1- 3 |  4- 6 |  7- 9 | 10-12 | 13-15 || total
-------------------------+-------+-------+-------+-------+-------++-------
Melee: Rapier            |    54 |       |       |       |       ||    54
       Short sword       |    58 |   208 |   484 |  1058 |   126 ||  1934
 Fire: Hunting sling     |       |       |    27 |       |       ||    27
Throw: Tomahawk          |       |     3 |     1 |    11 |       ||    15
Invok: Minor Destruction |       |       |     2 |     4 |       ||     6
       Lesser Servant of |       |       |     1 |     3 |     2 ||     6
Evoke: Wand              |       |     2 |    13 |     1 |       ||    16
  Use: Potion            |     1 |       |       |     1 |       ||     2
       Scroll            |       |     3 |    13 |     6 |       ||    22
 Stab: Distracted        |       |       |     1 |     1 |       ||     2
       Sleeping          |       |       |       |     3 |     1 ||     4
  Eat: Chunk             |       |     8 |     5 |    13 |       ||    26
       Ration            |       |       |     4 |     2 |     1 ||     7
Armor: Scale mail        |    20 |    57 |   106 |    30 |       ||   213
       Ring mail         |       |       |       |   124 |    30 ||   154
Dodge: Dodged            |    23 |    67 |    91 |   279 |    46 ||   506
Block: Shield            |    32 |   108 |   135 |   375 |    68 ||   718
